AoeStats
← Dodô Pressão

Arena

504132845Analyzed
3v3 RM · 1mo ago on Sep 4, 2026· 89m 58s· 6 players
Game mode
Random Map
Map size
Normal (6 player)
Population
200
Speed
Normal
Resources
Standard
Victory
Conquest
Starting age
Dark Age
Ending age
Imperial Age
RankedLock teamsTeams togetherTeam positionsShared explorationLock speedFull tech treeHidden civsTurbo modeCheats
Victory
Defeat
🇦🇷 Bohemians · Argentina
510
+17
🇧🇷 Burgundians · Brazil
495
+18
🇦🇷 Vikings · Argentina
428
+21
🇧🇷 Spanish · Brazil
618
-23
🇨🇴 Portuguese · Colombia
547
-19
🇨🇴 Turks · Colombia
425
-14
22martin22
6:33 Loom
14:01 Feudal Age
15:04 Double-Bit Axe
18:54 Castle Age
22:14 Horse Collar
23:47 Wheelbarrow
23:00 Town Watch
23:40 Bow Saw
24:59 Fletching
25:20 Forging
27:16 Caravan
27:28 Bodkin Arrow
28:45 Hand Cart
32:06 Wagenburg Tactics
38:08 Heavy Plow
43:10 Imperial Age
45:08 Pikeman
45:50 Squires
45:36 Arson
46:07 Bracer
46:43 Iron Casting
46:25 Halberdier
51:53 Two-Man Saw
52:23 Blast Furnace
51:25 Crossbowman
52:16 Arbalester
52:30 Arbalester
56:53 Padded Archer Armor
56:56 Scale Mail Armor
57:02 Scale Barding Armor
59:02 Leather Archer Armor
83:01 Ring Archer Armor
87:48 Chain Mail Armor
87:55 Chain Barding Armor
Dodô Pressão
3:49 Loom
11:44 Feudal Age
10:40 Double-Bit Axe
10:37 Horse Collar
10:49 Gold Mining
19:21 Castle Age
19:08 Heavy Plow
20:01 Bow Saw
21:01 Wheelbarrow
22:42 Gold Shaft Mining
24:44 Hand Cart
27:46 Crop Rotation
28:54 Arson
29:36 Stone Mining
29:40 Fletching
29:51 Padded Archer Armor
30:04 Forging
33:17 Stone Shaft Mining
34:25 Cavalier
35:11 Husbandry
38:10 Imperial Age
38:13 Two-Man Saw
37:40 Caravan
38:17 Coinage
37:57 Guilds
39:02 Scale Barding Armor
39:32 Iron Casting
38:23 Capped Ram
40:10 Chemistry
43:44 Paladin
44:39 Burgundian Vineyards
48:36 Elite Coustillier
50:01 Masonry
50:06 Fortified Wall
51:03 Blast Furnace
50:23 Chain Barding Armor
70:53 Plate Barding Armor
70:19 Scale Mail Armor
70:19 Padded Archer Armor
70:09 Fletching
76:16 Chain Mail Armor
75:57 Bodkin Arrow
76:17 Leather Archer Armor
78:09 Plate Mail Armor
77:40 Bracer
_Hckt87 ⭕⃤ ⭕ FALCON
10:37 Feudal Age
12:55 Double-Bit Axe
17:02 Horse Collar
17:50 Forging
21:11 Castle Age
21:55 Caravan
23:22 Arson
24:15 Heavy Plow
27:00 Gold Mining
30:35 Town Watch
33:31 Imperial Age
34:27 Town Patrol
35:01 Stone Mining
36:05 Coinage
36:18 Iron Casting
35:44 Scale Mail Armor
35:51 Scale Barding Armor
35:38 Fletching
35:50 Padded Archer Armor
41:15 Blast Furnace
40:32 Bow Saw
41:16 Cavalier
42:00 Loom
45:31 Elite Berserk
49:30 Sappers
53:55 Treadmill Crane
54:09 Guard Tower
54:30 Fortified Wall
56:04 Pikeman
56:44 Squires
62:57 Onager
63:00 Heavy Scorpion
64:54 Banking
63:49 Man-at-Arms
64:15 Gambesons
66:03 Arrowslits
66:30 Masonry
66:41 Long Swordsman
67:12 Elite Skirmisher
72:42 Two-Handed Swordsman
74:55 Chain Mail Armor
75:16 Architecture
74:43 Murder Holes
75:39 Ballistics
75:12 Heated Shot
76:23 Chemistry
75:31 Siege Engineers
81:11 Hoardings
82:41 Champion
82:52 Light Cavalry
87:51 Capped Ram
FERMORTE
1:42 Loom
13:45 Feudal Age
14:23 Double-Bit Axe
15:20 Wheelbarrow
14:31 Horse Collar
14:53 Gold Mining
16:13 Town Watch
22:55 Castle Age
25:24 Thumb Ring
26:13 Bow Saw
26:16 Heavy Plow
27:22 Hand Cart
29:23 Stone Mining
29:39 Arson
36:38 Town Patrol
36:52 Scale Barding Armor
41:36 Imperial Age
40:13 Padded Archer Armor
40:04 Fletching
41:49 Chain Barding Armor
44:43 Two-Man Saw
44:34 Stone Shaft Mining
44:39 Plate Barding Armor
44:22 Leather Archer Armor
44:03 Bodkin Arrow
47:42 Elite Conquistador
49:20 Heavy Cavalry Archer
65:19 Coinage
72:52 Bracer
73:24 Ring Archer Armor
80:46 Hoardings
Willy River4
10:44 Feudal Age
13:09 Double-Bit Axe
13:40 Horse Collar
22:56 Castle Age
20:53 Gold Mining
20:54 Stone Mining
29:28 Bow Saw
36:40 Imperial Age
35:47 Gold Shaft Mining
50:43 Two-Man Saw
54:35 Elite Janissary
64:46 Wheelbarrow
64:14 Heavy Plow
65:17 Squires
65:40 Bloodlines
83:44 Hand Cart
85:57 Crossbowman
86:50 Thumb Ring
WARRIOR9608
15:43 Feudal Age
16:34 Double-Bit Axe
21:49 Castle Age
20:59 Horse Collar
23:24 Stone Mining
23:24 Gold Mining
25:08 Wheelbarrow
24:44 Caravan
25:13 Husbandry
24:36 Light Cavalry
25:53 Bloodlines
29:12 Hand Cart
34:34 Imperial Age
32:09 Arson
32:49 Pikeman
38:54 Chemistry
38:13 Cavalier
44:03 Halberdier
68:10 Elite Organ Gun
74:44 Forging
74:34 Scale Mail Armor
74:35 Padded Archer Armor
74:25 Fletching
74:41 Scale Barding Armor
Connection lost

Rejoining the realm…

Still unreachable

The connection could not be restored.

Session expired

The server has moved on; the page needs a fresh start.